[Event "*** Titled Tuesday Blitz"]
[Site "Chess.com"]
[Date "2020.04.14"]
[Round "4"]
[White "Natalya_Buksa"]
[Black "Chessalary"]
[Result "0-1"]
[WhiteElo "2457"]
[BlackElo "2296"]
[TimeControl "180+1"]
[EndTime "10:40:39 PDT"]
[Termination "Chessalary won by resignation"]

1. e4 c5 2. Nf3 d6 3. d4 cxd4 4. Nxd4 Nf6 5. Nc3 a6 6. Bd3 e5 7.
Nde2 Be6 8. O-O Be7 9. f4 b5 10.
Kh1 O-O 11. Ng3 Nbd7 12. f5 Bc4 13. Bxc4 bxc4 14. Be3 Rb8 15. b3 cxb3 16. cxb3 Qa5 17. Qd2 Rfc8 18. Nd5 Qxd2 19. Nxe7+ Kf8 20. Ng6+ hxg6 21.
Bxd2 gxf5 22. Rxf5 g6 23. Rff1 Ke7 24. Bc1 Rc2 25.
Ba3 Ng4 26. Kg1 Ne3 27. Rf2 Rxf2 28. Kxf2 Nc2 29. Bxd6+ Kxd6 30. Rd1+ Ke6 31. Ne2 Nc5 32. Kf3 Rc8 33. g4 f5 34. gxf5+ gxf5 35. exf5+ Kxf5 36. b4 Ne6 37. Rd6 Ncd4+ 38. Nxd4+ Nxd4+ 39. Ke3 Rc3+ 40. Kd2 Rc2+ 41. Ke3 Rxa2 42. h4 Ra3+ 43. Kf2 Kf4 44. h5 Ra2+ 45. Kf1 Nf5 46. Re6 Kf3 47. Ke1 Ne3 48. Rf6+ Kg4 49. h6 Rh2 50. Rxa6 e4 51. b5 Nc4 52. Rf6 e3 53. b6 e2 54. b7 Ne5 55.
Rf2 Nd3+ 56. Kxe2 Rxf2+ 57. Kxd3 Rf8 58. Kd4 Rb8 59. Ke5 Kg5 60. Kd6 Rxb7 0-1

[Event "*** Titled Tuesday Blitz"]
[Site "Chess.com"]
[Date "2020.04.14"]
[Round "4"]
[White "ChessNinja48"]
[Black "slowdgehammer"]
[Result "0-1"]
[WhiteElo "2137"]
[BlackElo "2355"]
[TimeControl "180+1"]
[EndTime "10:40:39 PDT"]
[Termination "slowdgehammer won by resignation"]

1. d4 Nf6 2. Nf3 g6 3. c4 Bg7 4. Nc3 d6 5. e4 O-O 6. h3 Nbd7 7. Be2 e5 8. d5 Nc5 9. Qc2 a5 10. Be3 Nh5 11. g3 f5 12. Nd2 Nf6 13. O-O-O Qe7 14. f3 Nh5 15. Rdg1 f4 16. Bxc5 dxc5 17. g4 Ng3 18. Rh2 Bd7 19. h4 a4 20. a3 Ra6 21.
Bd1 Qe8 22. Kb1 Kh8 23. Ka2 h5 24. g5 Qa8 25. Ndb1 Qa7 26. Ne2 Nxe2 27. Bxe2 Rb8 28. Nc3 Ra5 29. Rc1 Bf8 30. Bd3 c6 31. Qd1 b5 32. dxc6 Bxc6 33. cxb5 Be8 34. Bc4 Bf7 35.
Rg2 Bxc4+ 36. Ka1 Qf7 37. Rd2 Ra7 38. Nd5 Bb3 39. Qg1 Rxb5 40. Nf6 Rab7 41. Rd8 Kg7 42. Qe1 Be6 43. Rc2 Rb3 44. Qe2 c4 45. Ne8+ Kh8 46.
Nd6 Qc7 47. Nxb7 Qxb7 48. Rxf8+ Kg7 49. Rf6 Qd7 50. Rd2 Rd3 51. Rxd3 cxd3 52. Qd2 Bb3 53. Kb1 Qd4 54. Rc6 Qe3 55. Kc1 Qg1+ 0-1

[Event "*** Titled Tuesday Blitz"]
[Site "Chess.com"]
[Date "2020.04.14"]
[Round "4"]
[White "Disturbed01"]
[Black "Rsnr"]
[Result "0-1"]
[WhiteElo "2675"]
[BlackElo "2875"]
[TimeControl "180+1"]
[EndTime "10:40:40 PDT"]
[Termination "Rsnr won by checkmate"]

1. d4 Nf6 2. c4 e6 3. Nc3 Bb4 4. Qc2 O-O 5. Nf3 d5 6. cxd5 exd5 7. Bf4 c6 8. e3 Bg4 9. Ne5 Be6 10. Bd3 Nbd7 11.
h3 h6 12. O-O Nxe5 13. Bxe5 Nd7 14. Bg3 Re8 15. a3 Bf8 16. b4 Nb6 17. Rad1 a5 18.
Rb1 axb4 19. axb4 Qd7 20. Rfd1 Ra3 21. b5 Nc4 22. Bxc4 dxc4 23. e4 Rb3 24. bxc6 bxc6 25. Ra1 Qb7 26. Ra2 Ba3 27. d5 cxd5 28. exd5 Bd7 29.
Ne2 Rb2 30. Rxb2 Qxb2 31. Qxb2 Bxb2 32. Nd4 Ba4 33. Rd2 Bc3 34. Ra2 Bb3 35. Ne2 Bxa2 36.
Nxc3 Bb3 37. d6 Rd8 38. f3 f6 39. Kf2 Kf7 40. Ke3 Ke6 41. Kd4 Ra8 42. Ne4 Kd7 43.
Nc5+ Kc6 44. Ne6 g5 45. Kc3 Ra2 46. Nd4+ Kd7 47. Nf5 Rxg2 48. Kd4 Rd2+ 49. Ke4 Bc2+ 50. Ke3 Rd3+ 51. Ke2 Bd1+ 52. Ke1 Bxf3 53. Nxh6 c3 54.
Ng8 c2 55. Nxf6+ Ke6 56. d7 c1=Q+ 57. Kf2 Qd2+ 58. Kg1 Qd1+ 59. Kh2 Qe2+ 60. Bf2 Qxf2# 0-1

[Event "*** Titled Tuesday Blitz"]
[Site "Chess.com"]
[Date "2020.04.14"]
[Round "4"]
[White "kayrakamer"]
[Black "Lucas_Tomiello"]
[Result "1-0"]
[WhiteElo "2576"]
[BlackElo "2345"]
[TimeControl "180+1"]
[EndTime "10:40:40 PDT"]
[Termination "kayrakamer won on time"]

1. e4 c5 2. Nf3 d6 3. d4 cxd4 4. Nxd4 Nf6 5. Nc3 a6 6. Be2 e5 7. Nb3 Be6 8. Be3 Be7 9. Nd5 Nxd5 10. exd5 Bf5 11. Qd2 Nd7 12. c4 O-O 13. Na5 Qb8 14. O-O Bd8 15. b4 Bxa5 16. bxa5 Qc7 17. f4 exf4 18. Rxf4 Bg6 19. h4 h6 20. h5 Bh7 21. Bd4 Ne5 22. Bxe5 dxe5 23. Rg4 f5 24. Rg3 f4 25. Rb3 e4 26. Bg4 Rad8 27. Qd4 f3 28.
Rf1 Qg3 29. Be6+ Kh8 30. Rf2 Rf4 31. Qe5 Rdf8 32. d6 Qh4 33. d7 Qe7 34. Rxb7 R4f6 35.
Rb6 fxg2 36. Rxf6 gxf6 37. Qg3 Qc5+ 38. Qf2 e3 39. Qe2 Bd3 40. Rc6 Qxc6 41. Qxd3 e2 42.
Qxe2 Qc5+ 43. Qf2 Qg5 44. Qf5 Qc1+ 45. Kxg2 Qg5+ 46. Qxg5 hxg5 47. c5 Rb8 48. c6 Rb2+ 49. Kf3 Rd2 50. c7 Rxd7 51. c8=Q+ 1-0

[Event "*** Titled Tuesday Blitz"]
[Site "Chess.com"]
[Date "2020.04.14"]
[Round "4"]
[White "ntmh281"]
[Black "Orest_Vovk"]
[Result "0-1"]
[WhiteElo "2298"]
[BlackElo "2477"]
[TimeControl "180+1"]
[EndTime "10:40:40 PDT"]
[Termination "Orest_Vovk won on time"]

1. d4 Nc6 2. Nf3 d6 3. Bg5 Nf6 4. e3 h6 5. Bh4 g5 6. Bg3 Ne4 7.
Nbd2 Nxg3 8. hxg3 Bg7 9. Bd3 e5 10. c3 Qe7 11. d5 Nb8 12. Qa4+ Nd7 13. Bf5 O-O 14. Qc2 Nb6 15. c4 Bxf5 16. Qxf5 Qd7 17.
Qxd7 Nxd7 18. e4 f5 19. Ke2 Nc5 20. Ke3 f4+ 21. Ke2 fxg3 22. fxg3 a5 23. b3 Rf7 24. Ke3 Raf8 25. Rab1 Ra8 26. a3 Rff8 27. Rhf1 Rf7 28. g4 Rf4 29. Nh2 Raf8 30. g3 R4f7 31. Rxf7 Rxf7 32. Rf1 Re7 33. Rf5 Re8 34. Nhf3 Rb8 35.
a4 c6 36. Ne1 cxd5 37. cxd5 b5 38. Nd3 Nxd3 39. Kxd3 bxa4 40. bxa4 Rb4 41. Nc4 Bf8 42. Rf6 Rb3+ 43. Kc2 Rxg3 44. Nxd6 Bxd6 45. Rxd6 Rxg4 46. Kd3 Rg3+ 47. Ke2 Ra3 48. Rxh6 Rxa4 49. Kf3 g4+ 50.
Kxg4 Rxe4+ 51. Kf5 Re1 52. Ra6 e4 53. Rxa5 e3 54. Ke4 e2 55. Ke3 Kf7 0-1

[Event "*** Titled Tuesday Blitz"]
[Site "Chess.com"]
[Date "2020.04.14"]
[Round "4"]
[White "chessintuit"]
[Black "fugadelafuga"]
[Result "0-1"]
[WhiteElo "2609"]
[BlackElo "2388"]
[TimeControl "180+1"]
[EndTime "10:40:41 PDT"]
[Termination "fugadelafuga won by checkmate"]

1. e4 c5 2. Nf3 Nc6 3. Bb5 g6 4. O-O Bg7 5. Re1 Nf6 6. Nc3 d6 7. e5 dxe5 8. Nxe5 Bd7 9. Bxc6 Bxc6 10. Nxc6 bxc6 11. d3 O-O 12. Be3 Qd6 13. Qd2 Rfd8 14. Rad1 e5 15. Bg5 Rab8 16. b3 Qd4 17. Bxf6 Bxf6 18.
Re4 Qd6 19. Rc4 Rb4 20. Ne4 Qe7 21. Nxf6+ Qxf6 22. Rxc5 Rbd4 23. Qc3 R8d6 24. Re1 e4 25. Re3 exd3 26. cxd3 Qd8 27. h3 Rxd3 28. Rxd3 Rxd3 29.
Qe5 Rd1+ 30. Kh2 Rd5 31. Rxd5 cxd5 32. Qd4 Qd6+ 33. g3 a6 34. Kg2 f6 35. Kf3 Kf7 36. Ke2 Ke6 37. Kd3 Qc6 38. Qe3+ Kf7 39. Qa7+ Ke6 40. Qxh7 Qb5+ 41. Ke3 Qc5+ 42. Kf3 Qc3+ 43.
Kg2 Qc2 44. Qg8+ Kd6 45. Qd8+ Ke6 46. Qb6+ Kf5 47. Qxa6 d4 48. Qb5+ Ke4 49. Qe8+ Kd5 50. Qd7+ Ke5 51. Qe7+ Kd5 52. Qf7+ Ke5 53. Qc4 d3 54.
Kf3 Qxc4 55. bxc4 Kd4 56. c5 Kc3 57. c6 d2 58. c7 d1=Q+ 59. Kg2 Qd7 60. a4 Qxc7 61.
a5 Qxa5 62. h4 Qd5+ 63. Kh2 Qf3 64. h5 gxh5 65. Kh3 Kd2 66. Kh4 Qg4# 0-1

[Event "*** Titled Tuesday Blitz"]
[Site "Chess.com"]
[Date "2020.04.14"]
[Round "4"]
[White "IljaJoke"]
[Black "H3nriqueTV"]
[Result "1-0"]
[WhiteElo "2523"]
[BlackElo "2234"]
[TimeControl "180+1"]
[EndTime "10:40:41 PDT"]
[Termination "IljaJoke won by checkmate"]

1. d4 d5 2. c4 c6 3. cxd5 cxd5 4. Bf4 Nc6 5. e3 Nf6 6. Bd3 e6 7. Nc3 a6 8. Rc1 Bd6 9. Bxd6 Qxd6 10. f4 O-O 11.
Nf3 b5 12. O-O Na5 13. Ne5 Nc4 14. Qe2 Nd7 15. Bxh7+ Kxh7 16. Qh5+ Kg8 17. Rf3 f6 18. Ng6 Bb7 19. Rh3 Kf7 20. Nxf8+ Kxf8 21. Qg6 Ke7 22.
Qxg7+ Kd8 23. b3 Qa3 24. Ne2 Kc7 25. Rh7 Rd8 26. bxc4 bxc4 27. Qxf6 Qxe3+ 28. Kf1 Bc6 29. Qe5+ Qxe5 30. fxe5 Kb6 31. Nc3 Ka5 32. g4 Rg8 33. h3 Rf8+ 34. Ke2 Rf4 35. Ke3 Rf8 36. g5 Rf5 37. h4 Nf8 38. Rc7 Kb6 39. Re7 Ng6 40.
Rxe6 Nxh4 41. Nxd5+ Kb7 42. Rb1+ Bb5 43. Re7+ Kc8 44. Nb6+ Kd8 45. Rh7 Ng2+ 46. Ke4 Rxg5 47. Rf1 Ke8 48. d5 c3 49. d6 Bxf1 50. d7+ Kd8 51.
Rh8+ Kc7 52. d8=Q+ Kc6 53. Qd6+ Kb5 54. Qd5+ Kb4 55. a3+ Kxa3 56. Qa5+ Kb2 57. Na4+ Kc2 58. Qxc3+ Kd1 59. Rd8+ Ke2 60. Rd2+ Ke1 61. Qc1# 1-0

[Event "*** Titled Tuesday Blitz"]
[Site "Chess.com"]
[Date "2020.04.14"]
[Round "4"]
[White "AtabayevSaparmyrat"]
[Black "SahaNeelash"]
[Result "0-1"]
[WhiteElo "2767"]
[BlackElo "2567"]
[TimeControl "180+1"]
[EndTime "10:40:42 PDT"]
[Termination "SahaNeelash won on time"]

1. e4 c6 2. d4 d5 3. Nc3 dxe4 4.
Nxe4 Nf6 5. Ng3 e5 6. Be3 Ng4 7. Nf3 Nxe3 8. fxe3 Nd7 9. Bc4 Be7 10. O-O O-O 11.
c3 exd4 12. exd4 Nb6 13. Bb3 Nd5 14. Qd3 Nf6 15. Rae1 Bd6 16. Ne5 Bxe5 17. Rxe5 Re8 18.
Rxe8+ Qxe8 19. Nh5 Nxh5 20. Bxf7+ Qxf7 21. Rxf7 Kxf7 22. Qxh7 Nf6 23. Qd3 Be6 24. b3 Re8 25. h3 Bd5 26. c4 Be4 27. Qg3 Re7 28. Qf4 a6 29. g4 Kg8 30. Qb8+ Ne8 31. Qd8 Kf7 32. d5 cxd5 33.
cxd5 Nf6 34. d6 Rd7 35. Qb8 Ne8 36. Qc8 Bc6 37. Qb8 Rxd6 38. Qa7 Rd1+ 39. Kf2 Rd2+ 40.
Ke3 Rxa2 41. Qd4 Rg2 42. Qf4+ Ke7 43. Qe5+ Kd8 44. Qd4+ Kc8 45. h4 Rg3+ 46. Kf4 Rxb3 47. h5 Rb5 48. g5 Nc7 0-1

[Event "*** Titled Tuesday Blitz"]
[Site "Chess.com"]
[Date "2020.04.14"]
[Round "4"]
[White "DraskovicL"]
[Black "lilleper1"]
[Result "1-0"]
[WhiteElo "2570"]
[BlackElo "2776"]
[TimeControl "180+1"]
[EndTime "10:40:43 PDT"]
[Termination "DraskovicL won on time"]

1. Nf3 c5 2. e3 Nc6 3. b3 Nf6 4. Bb2 d5 5. Bb5 e6 6. O-O Bd6 7. c4 a6 8. Bxc6+ bxc6 9. d3 O-O 10. Nc3 e5 11. e4 d4 12. Ne2 a5 13. Ng3 a4 14. Nh4 g6 15. Qe2 Be7 16. Nf3 Qd6 17. Bc1 axb3 18. Bh6 b2 19. Rab1 Re8 20. Rxb2 Bd7 21. Ra1 Ra3 22. Rb3 Rea8 23. Rxa3 Rxa3 24. Bc1 Ra4 25. Qc2 Ra8 26. a4 Bd8 27. Bd2 Ne8 28. Ne2 Nc7 29. Nc1 Na6 30. Nb3 f5 31. Re1 f4 32.
Rb1 g5 33. Na5 g4 34. Ne1 Bc7 35. Nb7 Qe7 36. Na5 Nb4 37. Bxb4 cxb4 38. Nb3 Rxa4 39. Nxd4 Ra3 40. Nb3 c5 41. Qd1 Ba4 42. Rb2 h5 43. Qb1 Qd6 44. Nc2 Rxb3 45. Rxb3 Bxb3 46. Qxb3 Qa6 47.
Kf1 h4 48. Ke2 h3 49. gxh3 gxh3 50. Kf1 Qg6 51. Qa4 Qg2+ 52. Ke2 Qg4+ 53. Ke1 Kh7 54. Qe8 1-0

[Event "*** Titled Tuesday Blitz"]
[Site "Chess.com"]
[Date "2020.04.14"]
[Round "4"]
[White "joksijoksi"]
[Black "Arencibia"]
[Result "1/2-1/2"]
[WhiteElo "2316"]
[BlackElo "2480"]
[TimeControl "180+1"]
[EndTime "10:40:43 PDT"]
[Termination "Game drawn by agreement"]

1. e4 e5 2. Nf3 Nc6 3. Nc3 Nf6 4. Bb5 Nd4 5. Nxd4 exd4 6. e5 dxc3 7. exf6 Qxf6 8.
dxc3 Bc5 9. O-O O-O 10. Bd3 d6 11. Qh5 g6 12. Qg5 Qxg5 13. Bxg5 Kg7 14. Rfe1 Be6 15. Be3 Bb6 16. Bxb6 axb6 17. a3 g5 18. c4 h5 19.
Re3 h4 20. Rae1 Ra5 21. f4 gxf4 22. Rf3 h3 23. gxh3 Rg5+ 24. Kf2 Rh8 25. Rg1 f6 26.
Bf1 Rh4 27. b3 Kf7 28. Rc3 Re5 29. Bd3 Bxh3 30. Bg6+ Kf8 31. Rf3 Be6 32. Bd3 Rxh2+ 33.
Rg2 Rxg2+ 34. Kxg2 d5 35. Rxf4 Ke7 36. cxd5 Bxd5+ 37. Kf2 c5 38. Rh4 Kd6 39. Rh6 Kc7 40. Rxf6 Bc6 41. Rf7+ Kd6 42. a4 Rh5 43. Rf6+ Ke5 44.
Rf7 Kd4 45. Rf4+ Kc3 46. Rc4+ Kb2 47. Ke3 Rh3+ 48. Kd2 Bd5 49. Rf4 Rh2+ 50. Ke3 Bc6 51. Rf2 Rxf2 52. Kxf2 Bd5 53. Ke3 c4 54. bxc4 Bc6 55.
Kd4 Bxa4 56. c3 Bc6 57. Bf1 Ka3 58. c5 b5 59. Be2 b4 60. cxb4 Kxb4 61. Bd3 Ka5 1/2-1/2

[Event "*** Titled Tuesday Blitz"]
[Site "Chess.com"]
[Date "2020.04.14"]
[Round "4"]
[White "serhanberat_ozdemir"]
[Black "IAgrest"]
[Result "1-0"]
[WhiteElo "2438"]
[BlackElo "2227"]
[TimeControl "180+1"]
[EndTime "10:40:43 PDT"]
[Termination "serhanberat_ozdemir won on time"]

1. e4 e5 2. Nf3 Nc6 3. d4 exd4 4. Bc4 Nf6 5. e5 d5 6. Bb5 Ne4 7. Nxd4 Bc5 8. Be3 O-O 9. Bxc6 bxc6 10. O-O Qe8 11. Nd2 Bxd4 12. Bxd4 c5 13. Nxe4 cxd4 14. Nc5 Qxe5 15. Re1 Qf6 16. Qd2 Rb8 17. b4 Bf5 18.
Rad1 Rfe8 19. Nb3 d3 20. cxd3 h6 21. d4 Qb6 22. a3 Qg6 23. Rxe8+ Rxe8 24. Nc5 Be4 25.
Nxe4 Rxe4 26. f3 Re6 27. Rc1 c6 28. Re1 Qf6 29. Rxe6 Qxe6 30. Kf2 Qf5 31. Qc3 Qb1 32. Qxc6 Qb2+ 33. Kg3 Qxd4 34. Qc8+ Kh7 35. Qc7 Kg8 36. Qf4 Qc3 37. Qb8+ Kh7 38. Qxa7 Qe5+ 39. Kf2 Qb2+ 40. Kg1 Qa1+ 41. Kf2 Qb2+ 42. Kf1 Qa1+ 43. Ke2 Qb2+ 44. Kd1 Qa1+ 45. Kd2 Qb2+ 46. Kd3 Qb3+ 47. Kd4 Qc4+ 48. Ke5 d4 49. Qxd4 Qc7+ 50. Ke4 Qe7+ 51. Kd3 Qg5 52. Qe4+ Kh8 53. Qe8+ Kh7 54. Qe3 Qxg2 55. f4 Qxh2 56. a4 Qh1 57. Qe4+ 1-0

[Event "*** Titled Tuesday Blitz"]
[Site "Chess.com"]
[Date "2020.04.14"]
[Round "4"]
[White "avantage_ru"]
[Black "GMSrinath"]
[Result "1/2-1/2"]
[WhiteElo "2576"]
[BlackElo "2780"]
[TimeControl "180+1"]
[EndTime "10:40:44 PDT"]
[Termination "Game drawn by repetition"]

1. g3 c5 2. Bg2 Nc6 3. c4 g6 4. Nc3 Bg7 5. e3 e6 6. Nge2 Nge7 7. Nf4 O-O 8. d3 d6 9. O-O Rb8 10. Qd2 a6 11. b3 b5 12. Bb2 Bb7 13. Rfd1 Ne5 14.
Qe2 Bxg2 15. Kxg2 Qb6 16. Rac1 Rfd8 17. d4 Qb7+ 18. f3 cxd4 19. exd4 N5c6 20. d5 Nd4 21. Rxd4 Bxd4 22. dxe6 Nf5 23. Ncd5 fxe6 24. Nxe6 Bxb2 25. Qxb2 Ne3+ 26. Nxe3 Re8 27. Ng4 Rxe6 28. Nh6+ Kf8 29. Qh8+ Ke7 30. Qxh7+ Ke8 31. Qg8+ Kd7 32. Qf7+ Re7 33.
Qxg6 Re2+ 34. Kh3 Qxf3 35. Qh7+ Re7 36. Qf5+ Qxf5+ 37. Nxf5 Rh8+ 38. Kg4 Re4+ 39. Kf3 Re5 40. g4 Rxh2 41. Rd1 Re6 42. cxb5 axb5 43. a4 bxa4 44.
bxa4 Ra2 45. Rd4 Kc6 46. Kf4 d5 47. g5 Re1 48. g6 Rf2+ 49. Kg5 Ref1 50. Ne7+ Kd6 51.
Nxd5 Rf5+ 52. Kh6 Rh1+ 53. Kg7 Rxd5 54. Rxd5+ Kxd5 55. Kf6 Rf1+ 56. Ke7 Re1+ 57. Kf7 Kd6 58. g7 Rf1+ 59. Ke8 Rg1 60. Kf7 Rf1+ 61. Ke8 Re1+ 62. Kf7 Rf1+ 1/2-1/2

[Event "*** Titled Tuesday Blitz"]
[Site "Chess.com"]
[Date "2020.04.14"]
[Round "4"]
[White "ChessQueen"]
[Black "blitzking1729"]
[Result "1-0"]
[WhiteElo "2809"]
[BlackElo "2587"]
[TimeControl "180+1"]
[EndTime "10:40:46 PDT"]
[Termination "ChessQueen won by checkmate"]

1. e4 d6 2. d4 Nf6 3. Nc3 e5 4. dxe5 dxe5 5. Qxd8+ Kxd8 6. Bc4 Ke8 7. Bg5 c6 8. Nge2 Nbd7 9. a4 a5 10. f3 Nc5 11.
Nc1 Be6 12. Ba2 Nfd7 13. Be3 Bxa2 14. Rxa2 Ne6 15. N1e2 Bc5 16. Kf2 Ke7 17. Rd1 Rhd8 18. Raa1 Nb6 19. Bxc5+ Nxc5 20. b3 Ne6 21. Ke3 Rxd1 22.
Rxd1 Rd8 23. Rxd8 Kxd8 24. g3 Nd7 25. f4 f6 26. f5 Nec5 27. g4 Ke7 28. h4 Na6 29. g5 Nb4 30. Kd2 fxg5 31. hxg5 h6 32. gxh6 gxh6 33. Ng3 Nf6 34. Nd1 h5 35. Nf2 Kd6 36. Nf1 Na6 37. Ne3 b5 38. Ke2 Nc5 39. axb5 cxb5 40. Kf3 Ke7 41. Nd3 Nxd3 42. cxd3 Kd6 43.
Nc2 h4 44. d4 exd4 45. Nxd4 b4 46. Kf4 Kc5 47. Ne6+ Kb5 48. e5 h3 49. exf6 h2 50. f7 h1=Q 51. f8=Q Qf1+ 52. Ke5 Qe1+ 53. Kf6 Qc3+ 54.
Kg6 Qg3+ 55. Kf7 Qc3 56. Qb8+ Kc6 57. Qc8+ Kd5 58. Qb7+ Ke5 59. Qb5+ Ke4 60. f6 Qxb3 61. Ke7 Qc3 62. f7 b3 63. f8=Q b2 64. Qf4# 1-0

[Event "*** Titled Tuesday Blitz"]
[Site "Chess.com"]
[Date "2020.04.14"]
[Round "4"]
[White "AlexVanGog"]
[Black "joppie2"]
[Result "1-0"]
[WhiteElo "2691"]
[BlackElo "2913"]
[TimeControl "180+1"]
[EndTime "10:40:46 PDT"]
[Termination "AlexVanGog won on time"]

1. Nf3 c6 2. g3 d5 3. Bg2 g6 4. O-O Bg7 5. d4 Nf6 6. Nbd2 O-O 7. c4 a5 8. b3 a4 9. Bb2 Bf5 10. e3 Nbd7 11. Qe2 a3 12. Bc3 Ne4 13. Nxe4 Bxe4 14. Bh3 dxc4 15. bxc4 Bxf3 16. Qxf3 e5 17. Rfd1 exd4 18.
Bxd4 Bxd4 19. Rxd4 Ne5 20. Qf4 Qa5 21. Rad1 Rae8 22. Bg2 Qc3 23. Qh6 f5 24. h3 Qc2 25.
Rd6 Qxa2 26. f4 Qb2 27. fxe5 Qxe5 28. Rd7 Re7 29. Rxe7 Qxe7 30. Qf4 a2 31. Qd4 Ra8 32. c5 Kf7 33. Bf1 Qf6 34. Bc4+ Kg7 35. Ra1 Qxd4 36.
exd4 Ra4 37. Bxa2 Kf6 38. Kf2 Ra3 39. Ke2 g5 40. Kd2 h5 41. Kc2 g4 42. hxg4 fxg4 43. Rf1+ Kg5 44. Bb3 Ra8 45. Rf7 Re8 46. Rxb7 Re2+ 47.
Kc3 Re3+ 48. Kb4 Rxg3 49. d5 cxd5 50. c6 Rg1 51. c7 Rc1 52. Bxd5 h4 53. Bc4 Rb1+ 54.
Kc5 Rxb7 55. c8=Q Rg7 56. Qd8+ Kh5 57. Qh8+ Kg6 58. Bd3+ 1-0

[Event "*** Titled Tuesday Blitz"]
[Site "Chess.com"]
[Date "2020.04.14"]
[Round "4"]
[White "mirciulica14"]
[Black "NormWeinstein"]
[Result "1-0"]
[WhiteElo "2621"]
[BlackElo "2361"]
[TimeControl "180+1"]
[EndTime "10:40:46 PDT"]
[Termination "mirciulica14 won by resignation"]

1. d4 c5 2. d5 e5 3. e4 d6 4. Nc3 Be7 5. Nf3 Bg4 6. Be2 Bxf3 7. Bxf3 Bg5 8. O-O Bxc1 9. Qxc1 Nf6 10. g3 h5 11. h4 Nbd7 12. Qg5 g6 13. a3 a6 14.
Bg2 b5 15. Bh3 b4 16. axb4 cxb4 17. Bxd7+ Nxd7 18. Na2 Qxg5 19. hxg5 Rb8 20. Nc1 Nc5 21. f3 Ke7 22. Nd3 Rhc8 23. Nxc5 Rxc5 24. Rxa6 Rxc2 25. Ra7+ Ke8 26. Rf2 b3 27. Ra6 Kd7 28. Ra7+ Rc7 29. Rxc7+ Kxc7 30. Rf1 Rb4 31. Rc1+ Kd7 32. Rc3 Rb7 33.
Kf2 Ke7 34. Ke3 f6 35. gxf6+ Kxf6 36. Rc6 Ke7 37. Kd3 g5 38. Rc1 Rb8 39. Rh1 Rf8 40.
Ke3 Rh8 41. Kd3 h4 42. Kc3 hxg3 43. Rg1 Rh3 44. Kxb3 Kf6 45. Kc4 g4 46. fxg4 Kg5 47. Kb5 Kxg4 48. Kc6 Rh6 49. b4 Kf3 50. b5 Kf2 51. Ra1 g2 52. b6 g1=Q 53. Rxg1 Kxg1 54. b7 Rh8 55. Kxd6 Kf2 56. Kc7 Rh7+ 57. Kc6 Rh8 58. d6 Ke3 59. Kc7 Kxe4 60. b8=Q Rxb8 61. Kxb8 1-0

[Event "*** Titled Tuesday Blitz"]
[Site "Chess.com"]
[Date "2020.04.14"]
[Round "4"]
[White "ZiggyStardust64"]
[Black "kingnb"]
[Result "1-0"]
[WhiteElo "2613"]
[BlackElo "2409"]
[TimeControl "180+1"]
[EndTime "10:40:46 PDT"]
[Termination "ZiggyStardust64 won by resignation"]

1. e4 d5 2. exd5 Nf6 3. d4 Bg4 4. f3 Bf5 5. c4 e6 6. dxe6 Nc6 7. Be3 Bb4+ 8. Nc3 O-O 9. d5 Qe7 10. Qd2 Rad8 11. a3 Bc5 12. Qf2 Bxe3 13. Qxe3 Rfe8 14. dxc6 Qf8 15. Nge2 Bxe6 16. cxb7 Bxc4 17. Qxa7 Nd5 18. O-O-O Ne3 19. Rxd8 Rxd8 20. Qxe3 Qd6 21. Qd4 Qh6+ 22.
Qf4 Qe6 23. b8=Q Rxb8 24. Qd4 c5 25. Qd2 Bb3 26. Nf4 Qf5 27. Bd3 Qg5 28. Re1 Rd8 29. Qe3 g6 30. g3 c4 31. Qe7 Qxe7 32. Rxe7 cxd3 33. Kd2 Bc2 34. Re3 Rb8 35. Nxd3 Bxd3 36. Kxd3 Rxb2 37. Re2 Rb3 38. Ra2 Rb7 39. a4 Rd7+ 40.
Kc2 Rc7 41. a5 Kf8 42. a6 Ra7 43. Nb5 Ra8 44. a7 Ke7 45. Nc7 Rc8 46. Kd3 Rxc7 47. a8=Q Rd7+ 48. Ke2 Rd6 49. Qe4+ Kf6 50. Qf4+ Ke7 51.
Ra7+ Rd7 52. Rxd7+ Kxd7 53. Qxf7+ 1-0

[Event "*** Titled Tuesday Blitz"]
[Site "Chess.com"]
[Date "2020.04.14"]
[Round "4"]
[White "MoreChessJulia"]
[Black "politeplayer"]
[Result "0-1"]
[WhiteElo "1734"]
[BlackElo "2187"]
[TimeControl "180+1"]
[EndTime "10:40:46 PDT"]
[Termination "politeplayer won by checkmate"]

1. d4 d5 2. c4 e6 3. cxd5 exd5 4.
Nc3 c5 5. Nf3 Nc6 6. g3 Nf6 7. Bg2 Be7 8. O-O O-O 9. a3 c4 10.
Ne5 Be6 11. f4 Qb6 12. e3 Rad8 13. f5 Bc8 14. g4 Nxe5 15. dxe5 Ne4 16. Nxe4 dxe4 17.
Qc2 Bg5 18. Qxe4 Rd3 19. Qxc4 Bxe3+ 20. Bxe3 Qxe3+ 21. Kh1 Rd4 22. Rae1 Qd2 23. Qc1 Qxc1 24. Rxc1 Rxg4 25. Bd5 Rg5 26. Rxc8 Rxc8 27. e6 Kf8 28. exf7 Rc5 29. Be6 Ke7 30. Rd1 Rgxf5 31. Bxf5 Rxf5 32.
Rc1 Rxf7 33. Rc8 Kf6 34. Kg2 Rd7 35. Rc2 h5 36. h4 Rd4 37. Kh3 Re4 38. Rd2 Re3+ 39.
Kh2 Kf5 40. Rg2 g6 41. Rg5+ Kf6 42. Rg2 Rb3 43. Rf2+ Kg7 44. Kg2 b5 45. Kh2 a5 46.
Kg2 b4 47. axb4 Rxb4 48. Kf3 Rxh4 49. Kg3 Rb4 50. Rc2 a4 51. Rc7+ Kh6 52. Ra7 Rb3+ 53. Kh4 g5# 0-1

[Event "*** Titled Tuesday Blitz"]
[Site "Chess.com"]
[Date "2020.04.14"]
[Round "4"]
[White "florianschwabeneder"]
[Black "cassoulet"]
[Result "0-1"]
[WhiteElo "2524"]
[BlackElo "2712"]
[TimeControl "180+1"]
[EndTime "10:40:47 PDT"]
[Termination "cassoulet won on time"]

1. e4 c5 2. Nf3 Nc6 3. Bb5 g6 4.
O-O Bg7 5. c3 Nf6 6. Re1 O-O 7.
h3 d6 8. d4 cxd4 9. cxd4 Bd7 10.
Nc3 a6 11. Bf1 b5 12. e5 Ne8 13. Bf4 dxe5 14. dxe5 Nc7 15. Qd2 Bf5 16. Qe3 Nb4 17.
Red1 Qc8 18. Nd4 Ncd5 19. Nxd5 Nxd5 20. Qf3 Nxf4 21. Qxf4 Qc5 22. Nxf5 gxf5 23. Re1 e6 24.
Re3 Kh8 25. Rae1 Rad8 26. g4 Rd4 27. Qf3 fxg4 28. hxg4 Qe7 29. Re4 Rd2 30. R1e2 Rd5 31. Kg2 Qg5 32. Qg3 Qg6 33. f4 Rfd8 34. g5 Rd2 35.
Qe3 R2d3 36. Qf2 Qh5 37. R4e3 R3d4 38. Rg3 Qh4 39. Rf3 Qg4+ 40. Kh2 Rd3 41. Rg3 Qh4+ 42. Kg2 Qh5 43. Rxd3 Rxd3 44. Re3 Rd8 45. Be2 Qg6 46. Rh3 Bf8 47. Qe3 Qg8 48. Bd3 h6 49. Kh2 Rd5 50. Qe4 Qg7 51. gxh6 Qg6 52. Rg3 Qxe4 53. Bxe4 Rd2+ 54.
Rg2 Bxh6 55. Rxd2 Bxf4+ 56. Kg2 Bxd2 57. Bb7 Bc1 58. Bxa6 b4 0-1

[Event "*** Titled Tuesday Blitz"]
[Site "Chess.com"]
[Date "2020.04.14"]
[Round "4"]
[White "davidkalashian"]
[Black "kinga2008"]
[Result "1-0"]
[WhiteElo "2513"]
[BlackElo "2212"]
[TimeControl "180+1"]
[EndTime "10:40:47 PDT"]
[Termination "davidkalashian won by checkmate"]

1. e4 c5 2. Nc3 e6 3. Nf3 Nc6 4. Bb5 g6 5. O-O Bg7 6. Re1 Nge7 7. d3 O-O 8. Bg5 a6 9. Bxc6 bxc6 10. e5 h6 11. Bxe7 Qxe7 12. Ne4 Rb8 13. b3 Rd8 14.
Rb1 a5 15. a4 Ba6 16. Qd2 Rb4 17.
Qc3 d6 18. exd6 Qxd6 19. Qxg7+ Kxg7 20. Nxd6 Rxd6 21. Nd2 Bxd3 22. cxd3 Rxd3 23. Nc4 Rbxb3 24. Rxb3 Rxb3 25. Nxa5 Ra3 26. Nxc6 Rxa4 27. Rc1 Kf6 28. g3 c4 29. Nd4 Ke5 30. Ne2 Ra2 31. Kf1 Ra4 32. f3 f5 33. Kf2 g5 34. Ke3 Ra3+ 35.
Rc3 f4+ 36. gxf4+ gxf4+ 37. Kd2 Ra2+ 38. Rc2 Rxc2+ 39. Kxc2 Kf5 40. Kc3 e5 41. Kxc4 e4 42.
Nd4+ Ke5 43. Nc6+ Kd6 44. Nb4 Ke5 45. Kc3 exf3 46. Kd3 Kf5 47. Nc6 Kg4 48. Ne5+ Kh3 49. Nxf3 Kg4 50. Ke4 h5 51. Ng1 f3 52. Nxf3 h4 53.
Ng1 h3 54. Nf3 Kh5 55. Kf4 Kg6 56. Kg4 Kh6 57. Kxh3 Kh5 58. Kg3 Kh6 59. h4 Kh5 60.
Kh3 Kh6 61. Kg4 Kg6 62. h5+ Kh6 63. Kh4 Kh7 64. Kg5 Kg7 65. h6+ Kh7 66. Kh5 Kg8 67. Kg6 Kh8 68. Ng5 Kg8 69. h7+ Kh8 70. Nf7# 1-0

[Event "*** Titled Tuesday Blitz"]
[Site "Chess.com"]
[Date "2020.04.14"]
[Round "4"]
[White "Sychev_Klementy"]
[Black "krzyzan94"]
[Result "0-1"]
[WhiteElo "2840"]
[BlackElo "2705"]
[TimeControl "180+1"]
[EndTime "10:40:49 PDT"]
[Termination "krzyzan94 won on time"]

1. e4 e5 2. Nf3 Nc6 3. d4 exd4 4. Nxd4 Nf6 5. Nxc6 bxc6 6. e5 Qe7 7. Qe2 Nd5 8.
g3 a5 9. c4 Nb6 10. Bg2 Ba6 11. b3 f6 12. Bb2 fxe5 13. O-O O-O-O 14. Qd2 Qc5 15. Re1 Bd6 16. Ba3 Qd4 17. Qxd4 exd4 18.
c5 Rde8 19. Rc1 Be5 20. cxb6 d3 21. b7+ Kxb7 22. Nd2 Bxa1 23. Rxa1 Re2 24. Rd1 Rhe8 25. Kf1 d5 26. Bb2 g6 27. Bc3 Kb6 28. Bf3 Rf8 29.
Kg2 Ree8 30. Rc1 c5 31. Bxd5 a4 32. Bf3 axb3 33. axb3 Bb7 34. Nc4+ Ka7 35. Ra1+ Kb8 36. Bxb7 Kxb7 37. Ne3 Ra8 38. Rd1 Rfd8 39. Nc4 Ra2 40. Ne5 Rc2 41. Nxd3 Rxc3 42. Nxc5+ Kc8 43. Rxd8+ Kxd8 44. Ne6+ Ke7 45. Nd4 c5 46. Ne2 Rxb3 47. Kf1 Rb1+ 48.
Kg2 Kd6 49. Kf3 Rb3+ 50. Ke4 Rb2 51. Ke3 c4 52. h4 Kc5 53. Nf4 Rb3+ 54. Kd2 Rb8 55.
Kc3 Rb3+ 56. Kc2 Rf3 57. Ne6+ Kb4 58. Ng5 Rxf2+ 59. Kc1 c3 0-1